 Dungeon Crawl Stone Soup version 0.24.0-13-gcf9b319 (webtiles) character file.

Game seed: 14753732905045652566, levelgen mode: deterministic

1806 Bronimir the Firebug (level 8, -2/45 HPs)
             Began as a Deep Elf Fire Elementalist on May 7, 2020.
             Was an Initiate of Vehumet.
             Shot with a sling bullet by Joseph (3 damage)
             ... on level 7 of the Dungeon on May 9, 2020.
             The game lasted 00:15:19 (7318 turns).

Bronimir the Firebug (Deep Elf Fire Elementalist)   Turns: 7318, Time: 00:15:19

Health: -2/45      AC:  6    Str:  5    XL:     8   Next: 84%
Magic:  2/20       EV: 16    Int: 27    God:    Vehumet [......]
Gold:   342        SH:  0    Dex: 17    Spells: 2/20 levels left

rFire    . . .     SeeInvis .   a - +1 quarterstaff "Jicotuab" {pain, +Inv rElec Int+4 Dex+2}
rCold    . . .     Gourm    .   (shield currently unavailable)
rNeg     . . .     Faith    +   s - +0 robe
rPois    .         Spirit   .   P - +0 helmet
rElec    +         Reflect  .   u - +0 cloak
rCorr    .         Harm     .   p - +0 pair of gloves
MR       .....                  b - +0 pair of boots
Stlth    ++........             t - amulet of faith
HPRegen  0.15/turn              h - ring of flight
MPRegen  0.17/turn              k - ring of wizardry

@: no status effects
A: no striking features
a: Renounce Religion, Evoke Invisibility, Evoke Flight


You were on level 7 of the Dungeon.
You worshipped Vehumet.
Vehumet was noncommittal.
You were not hungry.

You visited 2 branches of the dungeon, and saw 8 of its levels.

You collected 342 gold pieces.

Inventory:

Hand Weapons
 a - the +1 quarterstaff "Jicotuab" (weapon) {pain, +Inv rElec Int+4 Dex+2}
   (You found it on level 5 of the Dungeon)

   In the hands of one skilled in necromantic magic, it inflicts extra damage on
   living creatures.
   It affects your intelligence (+4).
   It affects your dexterity (+2).
   It insulates you from electricity.
   It lets you turn invisible.
 g - a +0 dagger
 j - a +0 hunting sling
 n - a +1 dagger of venom
 B - a +1 war axe of flaming
 F - a +4 quarterstaff of chaos
 N - a +2 vampiric spear
Missiles
 d - 139 stones (quivered)
 e - 78 bolts
 l - 178 arrows
 O - 20 poisoned darts
 Q - 14 sling bullets
Armour
 b - a +0 pair of boots (worn)
 p - a +0 pair of gloves (worn)
 s - a +0 robe (worn)
 u - a +0 cloak (worn)
 K - a cursed +0 leather armour
 P - a +0 helmet (worn)
Magical Staves
 J - an uncursed staff of cold
Jewellery
 h - a ring of flight (left hand)
 k - a ring of wizardry (right hand)
 t - an amulet of faith (around neck)
 I - an uncursed ring of teleportation
Wands
 v - a wand of flame (22)
Scrolls
 f - 6 scrolls of identify {unknown}
 m - 5 scrolls of remove curse
 q - a scroll of fear
 w - 2 scrolls of enchant weapon
 y - a scroll of random uselessness {unknown}
 A - a scroll of teleportation
 D - a scroll of enchant armour {unknown}
 G - 2 scrolls of fog {unknown}
 H - 2 scrolls of magic mapping {unknown}
 L - a scroll of immolation
Potions
 i - a potion of haste
 o - 2 potions of magic {unknown}
 r - 2 potions of curing {unknown}
 x - 4 potions of flight {unknown}
 z - 5 potions of heal wounds {unknown}
 C - a potion of invisibility {unknown}
 E - a potion of lignification {unknown}
 M - 2 potions of agility {unknown}
Comestibles
 c - 9 rations
 R - 5 chunks of flesh


   Skills:
 + Level 2.8 Fighting
 + Level 3.7 Staves
 * Level 5.9 Dodging
 - Level 2.4 Stealth
 + Level 6.7 Spellcasting
 * Level 5.6 Conjurations
 + Level 0.2 Hexes
 * Level 7.0 Fire Magic


You had 2 spell levels left.
You knew the following spells:

 Your Spells              Type           Power        Failure   Level  Hunger
a - Flame Tongue          Conj/Fire      #####        1%          1    None
b - Throw Flame           Conj/Fire      #####.       1%          2    None
c - Conjure Flame         Conj/Fire      #####...     1%          3    None
d - Sticky Flame          Conj/Fire      #####...     1%          4    ###....
e - Fireball              Conj/Fire      #####.....   4%          5    #####..
f - Inner Flame           Hex/Fire       ####....     1%          3    None

Your spell library contained the following spells:

 Spells                   Type           Power        Failure   Level  Hunger
 Sandblast                Erth           #.....       2%          1    None
 Leda's Liquefaction      Hex/Erth       #.........   22%         4    ###....
 Bolt of Fire             Conj/Fire      #####.....   26%         6    ######.
 Ring of Flames           Chrm/Fire      ####......   99%         7    #######


Dungeon Overview and Level Annotations

Branches:
Dungeon (7/15)             Temple (1/1) D:4

Altars:
Ashenzari
Cheibriados
Dithmenos
Elyvilon
Gozag
Hepliaklqana
Kikubaaqudgha
Makhleb
Okawaru
Qazlal
Ru
Sif Muna
Trog
Vehumet
Xom
Yredelemnul
Zin
The Shining One

Annotations:
D:5 3 runed translucent doors, asterach's ghost, novice HOGl
D:7 Joseph


Message History

Casting: Throw Flame (safe; 1% risk of failure)
Confirm with . or Enter, or press ? or * to list all spells.
Aiming: Throw Flame (safe; 1% risk of failure)
Press: ? - help, Shift-Dir - straight line, f/p - Joseph
Aim: Joseph, wielding a +2 hunting sling of freezing and wearing a +0 leather armour (heavily wounded)
The puff of flame hits Joseph!
Joseph is heavily wounded.
Joseph shoots a sling bullet.
The sling bullet misses you.
Joseph shoots a sling bullet.
The sling bullet barely misses you.
You see here a sling bullet.
Joseph shoots a sling bullet.
The sling bullet hits you but does no damage.
Casting: Throw Flame (safe; 1% risk of failure)
Confirm with . or Enter, or press ? or * to list all spells.
Aiming: Conjure Flame (safe; 1% risk of failure)
Press: ? - help, Dir - move target cursor, p - Joseph The fire ignites!
Joseph shoots a sling bullet.
The sling bullet hits you!
* * * LOW HITPOINT WARNING * * *
The sling bullet freezes you.
You die...

#......####.####(##.#
#......# #.# #@##.#
....#### #.# #.##.#
###.## #.# #.##.#
#..# #.# #.##.#
##.######.# #ยง##.#
#.....##.# #.##.#
####.....##.# #.##.#
............# #@##.#
.........##. #.##.#
.........# #.##.#
.........# #.##.####
.....#..## #.##....#
#######.##
#.#####.#########
#..#
#.#...#.........#
##.#
#.##..#..######.# #.#
.# #.#...#..#....#


You could see Joseph.

Vanquished Creatures
  Sigmund (D:3)
  Menkaure (D:7)
  A water moccasin (D:5)
  2 orc warriors (D:6)
  2 sky beasts (D:6)
  2 bullfrogs
  A gnoll sergeant (D:6)
  A scorpion (D:6)
  2 howler monkeys (D:7)
  A bullfrog zombie (D:7)
  An orc priest (D:4)
  6 hounds
  Crazy Yiuf (D:2)
  A centaur skeleton (D:6)
  An iguana (D:4)
  Jessica (D:3)
  An orc wizard (D:4)
  4 worker ants
  9 gnolls
  8 adders
  A howler monkey skeleton (D:6)
  An ooze (D:3)
  An adder zombie (D:6)
  3 dart slugs
  2 leopard geckos (D:3)
  7 orcs
  8 giant cockroaches
  5 goblins
  2 hobgoblins
  6 jackals
  A ball python (D:1)
  6 bats
  4 frilled lizards
  8 kobolds
  5 rats
107 creatures vanquished.

Notes
Turn   | Place    | Note
-------+----------+-------------------------------------------
     0 | D:1      | Bronimir the Deep Elf Fire Elementalist began the quest for
                  | the Orb.
     0 | D:1      | Reached XP level 1. HP: 10/10 MP: 6/6
   161 | D:1      | Reached XP level 2. HP: 14/15 MP: 2/8
   210 | D:1      | Learned a level 2 spell: Throw Flame
   777 | D:2      | Reached skill level 4 in Fire Magic
   787 | D:2      | Found an iron altar of Okawaru.
   804 | D:2      | Reached XP level 3. HP: 19/19 MP: 7/10
   849 | D:2      | Learned a level 3 spell: Conjure Flame
  1301 | D:2      | Reached XP level 4. HP: 24/24 MP: 6/11
  1549 | D:2      | Found a runed translucent door.
  1550 | D:2      | Noticed Crazy Yiuf
  1844 | D:2      | Learned a level 4 spell: Sticky Flame
  1952 | D:2      | Killed Crazy Yiuf
  2150 | D:3      | Noticed Sigmund
  2156 | D:3      | Killed Sigmund
  2156 | D:3      | Reached XP level 5. HP: 17/28 MP: 8/14
  2156 | D:3      | Reached XP level 6. HP: 20/33 MP: 8/15
  2349 | D:3      | Noticed Jessica
  2356 | D:3      | Killed Jessica
  2356 | D:3      | Reached skill level 5 in Spellcasting
  2356 | D:3      | Reached skill level 5 in Fire Magic
  2614 | D:3      | Reached skill level 1 in Fighting
  2910 | D:4      | Reached skill level 1 in Staves
  2923 | D:4      | Learned a level 5 spell: Fireball
  3602 | D:4      | Reached XP level 7. HP: 15/38 MP: 11/16
  3871 | D:4      | Found a shimmering altar of Xom.
  3871 | D:4      | Found an opulent altar of Gozag.
  3933 | D:4      | Found a staircase to the Ecumenical Temple.
  4008 | D:5      | Entered Level 5 of the Dungeon
  4088 | D:5      | Found a bloodstained altar of Trog.
  4207 | D:5      | Found a runed translucent gate.
  4208 | D:5      | Found a runed translucent gate.
  4208 | D:5      | Found a runed translucent gate.
  4210 | D:5      | Noticed asterach's ghost (novice HOGl)
  4319 | D:5      | Got a faintly glowing quarterstaff
  4320 | D:5      | Identified the cursed +1 quarterstaff "Jicotuab" {pain,
                  | +Inv rElec Int+4 Dex+2} (You found it on level 5 of the
                  | Dungeon)
  5254 | D:6      | Reached skill level 5 in Dodging
  5254 | D:6      | Reached XP level 8. HP: 42/44 MP: 13/18
  5437 | D:5      | Reached skill level 6 in Fire Magic
  5907 | Temple   | Entered the Ecumenical Temple
  6049 | Temple   | Learned a level 3 spell: Inner Flame
  6049 | Temple   | Became a worshipper of Vehumet
  6161 | D:6      | Reached skill level 5 in Conjurations
  6892 | D:7      | Identified the Catalogue of Ashen Ignition
  6963 | D:7      | Noticed Menkaure
  6968 | D:7      | Killed Menkaure
  7136 | D:7      | Noticed Joseph
  7230 | D:7      | Reached skill level 7 in Fire Magic
  7318 | D:7      | HP: 1/45 [Joseph/sling bullet (15)]
  7318 | D:7      | Shot with a sling bullet by Joseph

Levels and vault maps discovered:
D:1:      saegor_arrival_simple_a, layout_basic, amethyst_killhole
D:2:      layout_loops_ring, overflow_temple_1_default, first_ration,
          uniq_crazy_yiuf_cottage
D:3:      layout_loops_ring, hangedman_decor_push, serial_park_tiny_2,
          uniq_sigmund, uniq_jessica
D:4:      layout_cave_pods, gammafunk_temple_overflow_statue,
          minmay_temple_entry_enclosed_plants
D:5:      layout_layer_cave, basic_altar, ebering_ghost_rock_garden
D:6:      layout_loops_cross, lemuel_round_altar, minivault_10, minmay_circle_x
D:7:      layout_basic, uniq_menkaure, uniq_joseph
Temple:   regret_index_temple_waves

Skill      XL: |  1  2  3  4  5  6  7  8 |
---------------+-------------------------+-----
Fire Magic     | 4 5 7 |  7.0
Dodging        | 3 4 5 |  5.9
Conjurations   | 2 3 4 5 |  5.6
Spellcasting   | 4 5 6 |  6.7
Fighting       | 1 2 |  2.8
Staves         | 1 2 3 |  3.7
Stealth        | |  2.4
Hexes          | |  0.2

Action                   |  1- 3 |  4- 6 |  7- 9 || total
-------------------------+-------+-------+-------++-------
Melee: Dagger            |     4 |     1 |       ||     5
       Quarterstaff      |       |    56 |    63 ||   119
 Cast: Flame Tongue      |    62 |    23 |     7 ||    92
       Sticky Flame      |       |    10 |    28 ||    38
       Throw Flame       |       |     2 |     5 ||     7
       Fireball          |       |       |     7 ||     7
       Conjure Flame     |       |       |     2 ||     2
       Inner Flame       |       |       |     2 ||     2
  Use: Scroll            |       |     5 |     2 ||     7
 Stab: Sleeping          |     1 |     1 |     2 ||     4
       Distracted        |       |       |     1 ||     1
  Eat: Chunk             |     1 |     5 |    12 ||    18
       Ration            |       |     1 |     1 ||     2
Armor: Robe              |     8 |    22 |    12 ||    42
Dodge: Dodged            |    31 |    54 |    85 ||   170
